| TOP OF THE 1ST |
|
University of Southern California Trojans batting - Pitching for University of Oklahoma Sooners : RHP Colin Jensen
|
|
Pitching: RHP Colin Jensen
|
|
|
Batting: RHB Jorge Alva
|
0-0: Ground out 6-3 (Groundball, 6S, EV 88.8 MPH)
|
|
Batting: LHB Jackson Wither
|
0-0: Foul Ball, location: 2F 0-1: Ball 1-1: Ground out 4-3 (Groundball, 4, EV 85.0 MPH)
|
|
Batting: RHB Omar Garce
|
0-0: Called Strike 0-1: Ball 1-1: Fly out, F8 (Flyball, 8LM, EV 95.0 MPH)
|
| Top of the 1st over - 0 runs, 0 hits, 0 errors, 0 left on base; University of Southern California 0 - University of Oklahoma 0 |
| BOTTOM OF THE 1ST |
|
University of Oklahoma Sooners batting - Pitching for University of Southern California Trojans : LHP Cole Corkum
|
|
Pitching: LHP Cole Corkum
|
|
|
Batting: RHB Jesus Montoya
|
0-0: Called Strike 0-1: Called Strike 0-2: Foul Ball, location: 2F 0-2: Ground out 4-3 (Groundball, 4, EV 91.9 MPH)
|
|
Batting: LHB Cameron Marinelli
|
0-0: Ball 1-0: Fly out, F6 (Line Drive, 6, EV 68.1 MPH)
|
|
Batting: RHB Ruben Arreola
|
0-0: Called Strike 0-1: Ball 1-1: Ball 2-1: Ground out 5-3 (Groundball, 5S, EV 89.4 MPH)
|
| Bottom of the 1st over - 0 runs, 0 hits, 0 errors, 0 left on base; University of Southern California 0 - University of Oklahoma 0 |
| TOP OF THE 2ND |
|
University of Southern California Trojans batting - Pitching for University of Oklahoma Sooners : RHP Colin Jensen
|
|
Batting: RHB Eric Baker
|
0-0: Ball 1-0: Ball 2-0: Ground out 6-3 (Groundball, 6, EV 88.1 MPH)
|
|
Batting: SHB Jose Santiago
|
0-0: Ball 1-0: Called Strike 1-1: Swinging Strike 1-2: Strikes out swinging
|
|
Batting: RHB Mike Woodard
|
0-0: Called Strike 0-1: Ball 1-1: Swinging Strike 1-2: Foul Ball, location: 2F 1-2: Strikes out looking
|
| Top of the 2nd over - 0 runs, 0 hits, 0 errors, 0 left on base; University of Southern California 0 - University of Oklahoma 0 |
| BOTTOM OF THE 2ND |
|
University of Oklahoma Sooners batting - Pitching for University of Southern California Trojans : LHP Cole Corkum
|
|
Batting: RHB Sam Mason
|
0-0: Called Strike 0-1: Swinging Strike 0-2: Foul Ball, location: 2F 0-2: Strikes out looking
|
|
Batting: LHB Alex Gutierrez
|
0-0: Ball 1-0: Ground out U3 (Groundball, 3L, EV 90.0 MPH)
|
|
Batting: RHB Victor Borras
|
0-0: Ball 1-0: Ball 2-0: Ball 3-0: Base on Balls
|
|
Batting: RHB Eric Kent
|
0-0: Ball 1-0: Ball 2-0: Foul Ball, location: 2F 2-1: Swinging Strike 2-2: Ball 3-2: DOUBLE (Flyball, 8RD, EV 98.1 MPH) Victor Borras to third Victor Borras scores
|
|
Batting: LHB Paul Mooris
|
0-0: Ball 1-0: Ground out 1-3 (Groundball, 15S, EV 71.2 MPH)
|
| Bottom of the 2nd over - 1 run, 1 hit, 0 errors, 1 left on base; University of Southern California 0 - University of Oklahoma 1 |
| TOP OF THE 3RD |
|
University of Southern California Trojans batting - Pitching for University of Oklahoma Sooners : RHP Colin Jensen
|
|
Batting: RHB Liangde Zhou
|
0-0: Called Strike 0-1: Fly out, F7 (Flyball, 78M, EV 84.4 MPH)
|
|
Batting: LHB Justin Veirs
|
0-0: SINGLE (Line Drive, 34D, EV 96.9 MPH)
|
|
Batting: LHB Eli Evenson
|
0-0: Foul Ball, location: 2F 0-1: Swinging Strike 0-2: Ball 1-2: Ball 2-2: Ball 3-2: Strikes out swinging
|
|
Batting: RHB Jorge Alva
|
0-0: Called Strike 0-1: Called Strike 0-2: Foul Ball, location: 2F 0-2: Ground out 6-3 (Groundball, 56, EV 103.1 MPH)
|
| Top of the 3rd over - 0 runs, 1 hit, 0 errors, 1 left on base; University of Southern California 0 - University of Oklahoma 1 |
| BOTTOM OF THE 3RD |
|
University of Oklahoma Sooners batting - Pitching for University of Southern California Trojans : LHP Cole Corkum
|
|
Batting: RHB Jon Chatman
|
0-0: Ball 1-0: Called Strike 1-1: Foul Ball, location: 2F 1-2: Foul Ball, location: 2F 1-2: Ball 2-2: Foul Ball, location: 2F 2-2: SINGLE (Flyball, 56D, EV 86.9 MPH)
|
|
Batting: RHB Jesus Montoya
|
0-0: Ball 1-0: Ball Wild Pitch! Jon Chatman to second 2-0: Ball 3-0: Called Strike 3-1: Ground out 6-3 (Groundball, 6, EV 91.2 MPH)
|
|
Batting: LHB Cameron Marinelli
|
0-0: Called Strike 0-1: Foul Ball, location: 2F 0-2: Ball 1-2: Foul Ball, location: 2F 1-2: Ground out U3 (Groundball, 3, EV 88.8 MPH) Jon Chatman to third
|
|
Batting: RHB Ruben Arreola
|
0-0: Ground out 4-3 (Groundball, 4, EV 87.5 MPH)
|
| Bottom of the 3rd over - 0 runs, 1 hit, 0 errors, 1 left on base; University of Southern California 0 - University of Oklahoma 1 |
| TOP OF THE 4TH |
|
University of Southern California Trojans batting - Pitching for University of Oklahoma Sooners : RHP Colin Jensen
|
|
Batting: LHB Jackson Wither
|
0-0: Ball 1-0: Ball 2-0: Ball 3-0: Base on Balls
|
|
Batting: RHB Omar Garce
|
0-0: Ball Jackson Wither steals 2nd base 1-0: Foul Ball, location: 2F 1-1: Foul Ball, location: 2F 1-2: Ball 2-2: DOUBLE (Flyball, 8RXD, EV 91.9 MPH) Jackson Wither scores
|
|
Batting: RHB Eric Baker
|
0-0: Ball 1-0: Fly out, F2 (Popup, 2LF, EV 88.8 MPH)
|
|
Batting: SHB Jose Santiago
|
0-0: Swinging Strike 0-1: Swinging Strike 0-2: Strikes out looking
|
|
Batting: RHB Mike Woodard
|
0-0: Foul Ball, location: 2F 0-1: Ground out 5-3 (Groundball, 56S, EV 66.9 MPH)
|
| Top of the 4th over - 1 run, 1 hit, 0 errors, 1 left on base; University of Southern California 1 - University of Oklahoma 1 |
| BOTTOM OF THE 4TH |
|
University of Oklahoma Sooners batting - Pitching for University of Southern California Trojans : LHP Cole Corkum
|
|
Batting: RHB Sam Mason
|
0-0: Called Strike 0-1: SINGLE (Groundball, 56S, EV 73.1 MPH) (infield hit)
|
|
Batting: LHB Alex Gutierrez
|
0-0: SINGLE (Groundball, 6D, EV 108.8 MPH) Sam Mason to second
|
|
Batting: RHB Victor Borras
|
0-0: Swinging Strike 0-1: Swinging Strike 0-2: Ball 1-2: Foul Ball, location: 2F 1-2: Ball 2-2: Fielders Choice at 2nd, 5-4 (Groundball, 56S, EV 78.1 MPH) Sam Mason to third
|
|
Batting: RHB Eric Kent
|
0-0: Hit by Pitch Victor Borras to second
|
|
Batting: LHB Paul Mooris
|
0-0: Ball 1-0: Called Strike 1-1: Fly out, F7 (Flyball, 78D, EV 103.1 MPH) Runner from 3rd tags up, SCORES, throw by LF Victor Borras to third
|
|
Batting: RHB Jon Chatman
|
0-0: Called Strike 0-1: Ball 1-1: Ball 2-1: Foul Ball, location: 2F 2-2: Foul Ball, location: 2F 2-2: Ground out 4-3 (Groundball, 4, EV 78.8 MPH)
|
| Bottom of the 4th over - 1 run, 2 hits, 0 errors, 2 left on base; University of Southern California 1 - University of Oklahoma 2 |
| TOP OF THE 5TH |
|
University of Southern California Trojans batting - Pitching for University of Oklahoma Sooners : RHP Colin Jensen
|
|
Batting: RHB Liangde Zhou
|
0-0: Called Strike 0-1: Ball 1-1: Foul Ball, location: 2F 1-2: Ball 2-2: Foul Ball, location: 2F 2-2: Strikes out swinging
|
|
Batting: LHB Justin Veirs
|
0-0: Called Strike 0-1: Ball 1-1: Ball 2-1: Swinging Strike 2-2: Strikes out swinging
|
|
Batting: LHB Eli Evenson
|
0-0: Ball 1-0: Called Strike 1-1: Ball 2-1: Called Strike 2-2: Strikes out swinging
|
| Top of the 5th over - 0 runs, 0 hits, 0 errors, 0 left on base; University of Southern California 1 - University of Oklahoma 2 |
| BOTTOM OF THE 5TH |
|
University of Oklahoma Sooners batting - Pitching for University of Southern California Trojans : LHP Cole Corkum
|
|
Batting: RHB Jesus Montoya
|
0-0: Ball 1-0: Ball 2-0: Swinging Strike 2-1: Swinging Strike 2-2: Fly out, F8 (Flyball, 8LD, EV 90.0 MPH)
|
|
Batting: LHB Cameron Marinelli
|
0-0: Swinging Strike 0-1: SINGLE (Groundball, 4MD, EV 94.4 MPH)
|
|
Batting: RHB Ruben Arreola
|
0-0: Foul Ball, location: 2F 0-1: Fielders Choice at 2nd, 5-4 (Groundball, 56S, EV 80.6 MPH)
|
|
Batting: RHB Sam Mason
|
0-0: Foul Ball, location: 2F 0-1: Ball 1-1: Called Strike 1-2: Foul Ball, location: 2F 1-2: Strikes out swinging
|
| Bottom of the 5th over - 0 runs, 1 hit, 0 errors, 1 left on base; University of Southern California 1 - University of Oklahoma 2 |
| TOP OF THE 6TH |
|
University of Southern California Trojans batting - Pitching for University of Oklahoma Sooners : RHP Colin Jensen
|
|
Batting: RHB Jorge Alva
|
0-0: Ball 1-0: Swinging Strike 1-1: Ground out 1-3 (Groundball, 13, EV 71.9 MPH)
|
|
Batting: LHB Jackson Wither
|
0-0: Ball 1-0: Ground out 4-3 (Groundball, 4, EV 83.8 MPH)
|
|
Batting: RHB Omar Garce
|
0-0: Called Strike 0-1: Called Strike 0-2: Strikes out looking
|
| Top of the 6th over - 0 runs, 0 hits, 0 errors, 0 left on base; University of Southern California 1 - University of Oklahoma 2 |
| BOTTOM OF THE 6TH |
|
University of Oklahoma Sooners batting - Pitching for University of Southern California Trojans : LHP Cole Corkum
|
|
Pitching: RHP Lorenzo Garcia
|
|
|
Batting: LHB Alex Gutierrez
|
0-0: Called Strike 0-1: Called Strike 0-2: Ball 1-2: Ground out U3 (Groundball, 3, EV 88.8 MPH)
|
|
Batting: RHB Victor Borras
|
0-0: Ground out 6-3 (Groundball, 6, EV 83.1 MPH)
|
|
Batting: RHB Eric Kent
|
0-0: Called Strike 0-1: Ground out 6-3 (Groundball, 6D, EV 86.2 MPH)
|
| Bottom of the 6th over - 0 runs, 0 hits, 0 errors, 0 left on base; University of Southern California 1 - University of Oklahoma 2 |
| TOP OF THE 7TH |
|
University of Southern California Trojans batting - Pitching for University of Oklahoma Sooners : RHP Colin Jensen
|
|
Batting: RHB Eric Baker
|
0-0: Ball 1-0: Called Strike 1-1: Called Strike 1-2: Reached on error, E4 (Groundball, 4, EV 81.2 MPH)
|
|
Pitching: RHP Alex Mendoza
|
|
|
Pinch Hitting: RHB John Sandberg
|
0-0: Called Strike 0-1: Ball 1-1: Foul Ball, location: 2F 1-2: Ball 2-2: Ball 3-2: Foul Ball, location: 2F 3-2: Fly out, F9 (Flyball, 9, EV 94.4 MPH)
|
|
Batting: RHB Mike Woodard
|
0-0: Ball 1-0: Fly out, F8 (Flyball, 8LM, EV 89.4 MPH)
|
|
Pinch Hitting: SHB Jason Keys
|
0-0: Swinging Strike 0-1: Ball 1-1: Swinging Strike 1-2: Ball 2-2: Strikes out swinging
|
| Top of the 7th over - 0 runs, 0 hits, 1 error, 1 left on base; University of Southern California 1 - University of Oklahoma 2 |
| BOTTOM OF THE 7TH |
|
University of Oklahoma Sooners batting - Pitching for University of Southern California Trojans : RHP Lorenzo Garcia
|
|
Now at 3B: Edwin Figueroa
|
|
|
Now in LF: Jason Keys
|
|
|
Batting: LHB Paul Mooris
|
0-0: Ball 1-0: Ball 2-0: Foul Ball, location: 2F 2-1: Ball 3-1: Foul Ball, location: 2F 3-2: Ground out U3 (Groundball, 34, EV 98.8 MPH)
|
|
Batting: RHB Jon Chatman
|
0-0: Ball 1-0: Called Strike 1-1: Ball 2-1: Foul Ball, location: 2F 2-2: Strikes out swinging
|
|
Pinch Hitting: RHB Sugiarto Kartosuwiryo
|
0-0: Ball 1-0: Ball 2-0: Ground out 5-3 (Groundball, 5S, EV 87.5 MPH)
|
| Bottom of the 7th over - 0 runs, 0 hits, 0 errors, 0 left on base; University of Southern California 1 - University of Oklahoma 2 |
| TOP OF THE 8TH |
|
University of Southern California Trojans batting - Pitching for University of Oklahoma Sooners : RHP Alex Mendoza
|
|
Now in CF: Virgil Wenz
|
|
|
Pinch Hitting: RHB Jim Baltazar
|
0-0: Ball 1-0: Ground out 6-3 (Groundball, 6M, EV 91.2 MPH)
|
|
Pitching: LHP Bruce Chapman
|
|
|
Batting: RHB Jeremy McAbee
|
0-0: Foul Ball, location: 2F 0-1: Ground out 4-3 (Groundball, 34, EV 88.1 MPH)
|
|
Pinch Hitting: LHB Roger Kean
|
0-0: Called Strike 0-1: Foul Ball, location: 2F 0-2: Ball 1-2: Foul Ball, location: 2F 1-2: Strikes out looking
|
| Top of the 8th over - 0 runs, 0 hits, 0 errors, 0 left on base; University of Southern California 1 - University of Oklahoma 2 |
| BOTTOM OF THE 8TH |
|
University of Oklahoma Sooners batting - Pitching for University of Southern California Trojans : RHP Lorenzo Garcia
|
|
Pitching: RHP Aaron Haver
|
|
|
Now in CF: Brad Betterton
|
|
|
Now in RF: Roger Kean
|
|
|
Pinch Hitting: RHB David Stuckey
|
0-0: Ball 1-0: Swinging Strike 1-1: Called Strike 1-2: Strikes out swinging
|
|
Batting: LHB Pedro Marrero
|
0-0: Ground out 6-3 (Groundball, 6, EV 103.1 MPH)
|
|
Batting: RHB Sam Mason
|
0-0: Ball 1-0: Ball 2-0: Ball 3-0: Base on Balls
|
|
Pinch Hitting: SHB Orlando Uribe
|
0-0: Called Strike 0-1: Called Strike 0-2: Strikes out looking
|
| Bottom of the 8th over - 0 runs, 0 hits, 0 errors, 1 left on base; University of Southern California 1 - University of Oklahoma 2 |
| TOP OF THE 9TH |
|
University of Southern California Trojans batting - Pitching for University of Oklahoma Sooners : LHP Bruce Chapman
|
|
Pitching: RHP Billy Russell
|
|
|
Now at 2B: Myles Sabine
|
|
|
Now in RF: Alex Benabides
|
|
|
Pinch Hitting: SHB Mhelter Daulong
|
0-0: Ground out 4-3 (Groundball, 34, EV 82.5 MPH)
|
|
Batting: RHB Omar Garce
|
0-0: Foul Ball, location: 2F 0-1: Ball 1-1: Fly out, F1 (Line Drive, P, EV 66.9 MPH)
|
|
Pinch Hitting: RHB Tri Kartini
|
0-0: Ball 1-0: Ball 2-0: Foul Ball, location: 2F 2-1: Swinging Strike 2-2: Ball 3-2: Strikes out swinging
|
| Top of the 9th over - 0 runs, 0 hits, 0 errors, 0 left on base; University of Southern California 1 - University of Oklahoma 2 |
|